 Dungeon Crawl Stone Soup version 0.22-a0-455-ga0624bf (webtiles) character file.

9144 wazuzu the Severer (level 11, -4/99 HPs)
             Began as a Hill Orc Monk on June 5, 2018.
             Was the Champion of Zin.
             Slain by a minotaur (13 damage)
             ... in a labyrinth.
             The game lasted 00:35:06 (14162 turns).

wazuzu the Severer (Hill Orc Monk)                 Turns: 14162, Time: 00:35:07

Health: -4/99      AC: 12    Str: 26    XL:     11   Next: 41%
Magic:  19/20      EV: 12    Int: 14    God:    Zin [******]
Gold:   600        SH:  3    Dex: 20    Spells: 10/10 levels left

rFire    . . .     SeeInvis .   g - +0 battleaxe
rCold    . . .     Gourm    .   (shield currently unavailable)
rNeg     . . .     Faith    .   o - +0 ring mail
rPois    ∞         Spirit   .   t - +0 helmet
rElec    .         Reflect  +   b - +1 cloak
rCorr    .         Harm     .   z - +2 pair of gloves
MR       .....                  (no boots)
Stlth    ++........             B - +3 amulet of reflection
HPRegen  0.26/turn              D - +3 ring of dexterity
MPRegen  0.17/turn              i - +4 ring of strength

@: vitalised, hasted, very quick
A: no striking features
a: Recite, Vitalisation, Imprison, Sanctuary, Donate Gold, Renounce Religion


You were in a labyrinth.
You worshipped Zin.
Zin was exalted by your worship.
You were not hungry.

You visited 3 branches of the dungeon, and saw 11 of its levels.
You also visited: Labyrinth and Ossuary.

You collected 666 gold pieces.
You donated 66 gold pieces to Zin.

Inventory:

Hand Weapons
 g - a +0 battleaxe (weapon)
Missiles
 d - 292 stones (quivered)
Armour
 b - a +1 cloak (worn)
 o - a +0 ring mail (worn)
 t - a +0 helmet (worn)
 z - a +2 pair of gloves (worn)
Jewellery
 i - a +4 ring of strength (right hand)
 B - a +3 amulet of reflection (around neck)
 D - a +3 ring of dexterity (left hand)
 H - an uncursed ring of ice
Wands
 p - a wand of paralysis (14)
 r - a wand of enslavement (13)
 w - a wand of flame (54)
 I - a wand of digging (16)
Scrolls
 e - 2 scrolls of identify
 f - 7 scrolls of remove curse
 h - 6 scrolls of fog
 j - a scroll of blinking
 k - 5 scrolls of teleportation
 n - 3 scrolls of enchant armour
 s - a scroll of fear
 x - a scroll of amnesia
Potions
 a - 2 potions of magic
 m - 2 potions of lignification
 q - a potion of curing
 u - a potion of mutation {unknown}
 v - 2 potions of flight
 C - a potion of cancellation
 E - 3 potions of brilliance
 F - a potion of haste
Comestibles
 c - 21 rations


   Skills:
 - Level 10.0 Fighting
 + Level 15.1 Axes
 - Level 4.0 Armour
 - Level 2.4 Dodging
 - Level 1.5 Stealth
 - Level 12.0 Invocations


You had 10 spell levels left.
You didn't know any spells.
Your spell library contained the following spells:

 Spells                   Type           Power        Failure   Level  Hunger
 Fireball                 Conj/Fire      #.........   100%        5    ######.
 Conjure Flame            Conj/Fire      #.......     77%         3    ####...
 Throw Flame              Conj/Fire      #.....       54%         2    ###....
 Sticky Flame             Conj/Fire      #.......     99%         4    #####..
 Flame Tongue             Conj/Fire      #....        38%         1    ##.....
 Inner Flame              Hex/Fire       #.......     77%         3    ####...


Dungeon Overview and Level Annotations

Branches:
Dungeon (9/15)             Temple (1/1) D:4            Lair (1/6) D:9
    Orc: D:9-12

Altars:
Ashenzari
Cheibriados
Dithmenos
Elyvilon
Fedhas
Gozag
Hepliaklqana
Kikubaaqudgha
Makhleb
Nemelex Xobeh
Okawaru
Qazlal
Ru
Sif Muna
Trog
Uskayaw
Vehumet
Wu Jian
Xom
Yredelemnul
Zin
The Shining One

Annotations:
D:8 exclusion: 2 oklob plants


Message History

The minotaur barely misses you.
You completely miss the minotaur.
The minotaur furiously retaliates!
The minotaur headbutts you.
* * * LOW HITPOINT WARNING * * *
The minotaur is severely wounded.
You feel better. The minotaur hits you!
* * * LOW HITPOINT WARNING * * *
The minotaur gores you but does no damage.
You hit the minotaur.
The minotaur is severely wounded.
The minotaur hits you but does no damage.
The minotaur gores you.
* * * LOW HITPOINT WARNING * * *
You feel better.
You slash the minotaur!
The minotaur is almost dead.
The minotaur hits you!
* * * LOW HITPOINT WARNING * * *
The minotaur gores you!
You die...

## #. . ..
. # ## #
###+## #..#
#..⌠.#
#..###<.H.#
#..'((.@.⌠+
#..###.⌠..#
..# ##+###
###..# #
...# ##
##### # .
.. ... ..
...... . .#
. # ##
########.#
#... .. .#.
.


You could see a minotaur.

Vanquished Creatures
  2 two-headed ogres (D:9)
  The ghost of pk666 the Magician, a novice DEFE of Vehumet (D:5)
  A komodo dragon (D:9)
  A troll (D:9)
  2 hippogriffs (Lair:1)
  2 redbacks (Lab)
  3 yaks (Lair:1)
  2 wyverns (D:9)
  4 hogs (D:8)
  A human (D:8)
  A steam dragon (D:9)
  4 hungry ghosts (Lab)
  2 porcupines (Lair:1)
  7 orc warriors
  A swamp drake (D:9)
  A sky beast (D:9)
  2 ice beasts
  A necrophage (D:6)
  2 phantoms (D:8)
  4 ogres
  3 centaurs
  A crocodile (D:9)
  A big kobold (D:8)
  3 elf zombies (Ossuary)
  2 bullfrogs
  4 scorpions
  3 wights (D:7)
  4 crimson imps
  A quasit (D:8)
  2 bullfrog zombies
  2 human zombies (Ossuary)
  2 jellies (D:8)
  2 centaur zombies
  A gnoll shaman (D:4)
  3 orc priests
  5 hounds
  10 orc wizards
  An iguana (D:5)
  Ijyb (D:3)
  9 worker ants
  A hound zombie (D:5)
  A hound skeleton (D:4)
  3 mummies
  Robin (D:3)
  5 gnolls
  11 adders
  2 shadow imps
  2 adder zombies (D:6)
  3 worms
  13 dart slugs
  3 leopard geckos
  36 orcs
  2 giant cockroaches
  11 hobgoblins
  4 jackals (D:6)
  3 quokkas
  3 bats
  5 frilled lizards
  16 goblins
  2 goblin zombies
  7 hobgoblin zombies
  A jackal zombie (Ossuary)
  13 kobolds
  11 kobold zombies (Ossuary)
  3 leopard gecko skeletons
  10 orc zombies (Ossuary)
  9 rats
  2 rat zombies (Ossuary)
  A fungus (Lair:1)
  A plant (D:3)
289 creatures vanquished.

Vanquished Creatures (others)
  A gnoll (D:3)
  4 plants (D:3)
5 creatures vanquished.

Grand Total: 294 creatures vanquished

Notes
Turn   | Place    | Note
-------+----------+-------------------------------------------
     0 | D:1      | wazuzu the Hill Orc Monk began the quest for the Orb.
     0 | D:1      | Reached XP level 1. HP: 19/19 MP: 1/1
   537 | D:1      | Reached XP level 2. HP: 22/26 MP: 2/2
   647 | D:1      | Reached skill level 5 in Axes
   938 | D:1      | Reached XP level 3. HP: 31/31 MP: 3/3
  1462 | D:2      | Found a stormy altar of Qazlal.
  2256 | D:2      | Reached skill level 6 in Axes
  2722 | D:2      | Reached XP level 4. HP: 39/39 MP: 4/4
  2743 | D:2      | Reached skill level 1 in Armour
  3413 | D:3      | Found a faded altar of an unknown god.
  3477 | D:3      | Noticed Robin
  3511 | D:2      | Reached XP level 5. HP: 24/45 MP: 5/5
  3670 | D:3      | Killed Robin
  4357 | D:3      | Noticed Ijyb
  4391 | D:3      | Killed Ijyb
  4520 | D:4      | Reached skill level 7 in Axes
  4697 | D:4      | Reached XP level 6. HP: 12/51 MP: 6/6
  5035 | D:4      | Reached skill level 8 in Axes
  5317 | D:4      | Reached XP level 7. HP: 57/57 MP: 7/7
  5499 | D:4      | Found a staircase to the Ecumenical Temple.
  5505 | Temple   | Entered the Ecumenical Temple
  5513 | Temple   | Became a worshipper of Zin the Law-Giver
  5513 | Temple   | Reached * piety under Zin
  5513 | Temple   | Reached ** piety under Zin
  5513 | Temple   | Reached *** piety under Zin
  5950 | D:4      | You fall through a shaft!
  5950 | D:5      | Entered Level 5 of the Dungeon
  5997 | D:5      | Reached skill level 9 in Axes
  6012 | D:5      | Noticed pk666's ghost (novice DEFE)
  6043 | D:5      | Killed pk666's ghost
  6043 | D:5      | Reached skill level 5 in Fighting
  6047 | D:5      | Reached XP level 8. HP: 25/69 MP: 8/8
  6078 | D:5      | Reached skill level 10 in Axes
  7089 | D:5      | Found a burning altar of Makhleb.
  7090 | D:5      | Found a shimmering altar of Xom.
  7690 | D:6      | Found an ornate altar of the Wu Jian Council.
  7693 | D:6      | Reached **** piety under Zin
  7709 | D:6      | Reached skill level 11 in Axes
  7981 | D:6      | Found a deep blue altar of Sif Muna.
  8351 | D:7      | Reached XP level 9. HP: 44/81 MP: 9/9
  8656 | D:7      | Found a sand-covered staircase.
  8664 | Ossuary  | Entered an ossuary
  8781 | Ossuary  | Reached ***** piety under Zin
  9065 | Ossuary  | Reached skill level 12 in Axes
  9234 | D:7      | Found a glowing golden altar of the Shining One.
 10012 | D:8      | Reached skill level 10 in Fighting
 10247 | D:8      | Reached skill level 13 in Axes
 10254 | D:8      | Reached XP level 10. HP: 88/93 MP: 10/10
 10271 | D:8      | Reached skill level 14 in Axes
 10427 | D:8      | Found a sacrificial altar of Ru.
 10593 | D:8      | Found a blossoming altar of Fedhas.
 10595 | D:8      | Noticed an oklob plant
 10595 | D:8      | Noticed an oklob plant
 10955 | D:9      | Reached skill level 5 in Invocations
 11170 | D:9      | Zin protects you from harm!
 11589 | D:9      | Noticed a two-headed ogre
 12103 | D:9      | Noticed a two-headed ogre
 12295 | D:9      | Killed a two-headed ogre
 12397 | D:9      | Killed a two-headed ogre
 12397 | D:9      | Reached skill level 10 in Invocations
 12620 | D:9      | Found a deep blue altar of Sif Muna.
 12672 | D:9      | Reached XP level 11. HP: 48/99 MP: 19/19
 12773 | D:9      | Found a shattered altar of Ashenzari.
 12773 | D:9      | Found a deep blue altar of Sif Muna.
 12773 | D:9      | Found a shadowy altar of Dithmenos.
 13200 | D:9      | Found a staircase to the Lair.
 13364 | D:9      | Reached ****** piety under Zin
 13404 | Lair:1   | Entered Level 1 of the Lair of Beasts
 13444 | Lair:1   | Found a labyrinth entrance.
 13472 | Lab      | Entered a labyrinth
 14099 | Lab      | Reached skill level 15 in Axes
 14144 | Lab      | Noticed a minotaur
 14162 | Lab      | Slain by a minotaur

Vault maps used:
D:1:      giann_horns, minmay_tetromino_l4
D:2:      kennysheep_cluttered_room, nicolae_qazlal_general_emergency
D:3:      chequers_ecumenical_altar_twisty, roderic_lattice_a,
          serial_bayou_lagoon_a, uniq_robin, uniq_ijyb
D:4:      kennysheep_slugbush, minmay_temple_entry_hall
D:5:      grunt_temple_overflow_champion_of_chaos, first_ration
D:6:      lemuel_round_altar, st_stairs_13, led_sif_book
D:7:      tso_metal_star, nicolae_ossuary_entry_giza
D:8:      kennysheep_cross_bottleneck, hangedman_tree_tricks, grunt_livestock,
          kennysheep_small_circle
D:9:      gammafunk_temple_overflow_claw, erik_lair_dragon, basic_altar,
          minivault_5
Temple:   nicolae_temple_no_exploring_needed
Lair:1:   lab_entry_generic
Lab:      labyrinth_hidden_loot, nicolae_lab_big_swirl, nicolae_lab_swirl,
          nicolae_lab_very_dead_end, nicolae_lab_stuck
Ossuary:  ossuary_tomb_1

Skill      XL: |  1  2  3  4  5  6  7  8  9 10 11 |
---------------+----------------------------------+-----
Axes           | 5 6 7 8 9 11 13 14 15 | 15.1
Armour         | 2 4 |  4.0
Fighting       | 5 8 10 | 10.0
Invocations    | 10 12 | 12.0
Dodging        | |  2.4
Stealth        | |  1.5

Action                   |  1- 3 |  4- 6 |  7- 9 | 10-12 || total
-------------------------+-------+-------+-------+-------++-------
Melee: Hand axe          |   176 |   311 |   632 |   218 ||  1337
       War axe           |       |       |       |    28 ||    28
       Battleaxe         |       |       |       |    96 ||    96
Throw: Stone             |    22 |       |    40 |       ||    62
Invok: Recite            |       |       |     4 |     7 ||    11
       Vitalisation      |       |       |     1 |     1 ||     2
Evoke: Wand              |       |       |    16 |     9 ||    25
  Use: Scroll            |       |     3 |     4 |    19 ||    26
       Potion            |       |     2 |     6 |    10 ||    18
 Stab: Sleeping          |     2 |     1 |     2 |       ||     5
       Paralysed         |       |       |    20 |    23 ||    43
       Invisible         |       |       |     1 |     1 ||     2
       Distracted        |       |       |     1 |       ||     1
       Confused          |       |       |       |     2 ||     2
  Eat: Chunk             |     6 |     3 |     6 |     4 ||    19
       Ration            |       |     3 |     3 |     4 ||    10
Armor: Robe              |    16 |       |       |       ||    16
       Leather armour    |     3 |     3 |       |       ||     6
       Ring mail         |       |    89 |   214 |    84 ||   387
Dodge: Dodged            |   116 |   133 |   256 |   133 ||   638
Block: Other             |       |       |    24 |    22 ||    46
       Reflection        |       |       |       |     1 ||     1

Table legend:
 A = Spawn XP
 B = Non-spawn XP
 C = Spawn XP percentage of total XP
 D = Spawn monster count
 E = Non-spawn monster count
 F = Spawn count percentage of total count
 G = Total turns spent on level
                    A         B        C        D         E        F      G
               +---------+---------+-------+---------+---------+-------+---------
         Total |       0 |   13063 |   0.0 |       0 |     287 |   0.0 | 14162
               +---------+---------+-------+---------+---------+-------+---------
           D:1 |       0 |      49 |   0.0 |       0 |      27 |   0.0 |  1874
           D:2 |       0 |      66 |   0.0 |       0 |      20 |   0.0 |  1447
           D:3 |       0 |     179 |   0.0 |       0 |      27 |   0.0 |  1690
           D:4 |       0 |     398 |   0.0 |       0 |      27 |   0.0 |  1352
           D:5 |       0 |     801 |   0.0 |       0 |      18 |   0.0 |   891
           D:6 |       0 |     686 |   0.0 |       0 |      24 |   0.0 |  1018
           D:7 |       0 |     968 |   0.0 |       0 |      23 |   0.0 |   910
           D:8 |       0 |    1647 |   0.0 |       0 |      16 |   0.0 |  1697
           D:9 |       0 |    5212 |   0.0 |       0 |      53 |   0.0 |  2043
        Lair:1 |       0 |    1401 |   0.0 |       0 |       7 |   0.0 |    68
           Lab |       0 |    1180 |   0.0 |       0 |       6 |   0.0 |   690
       Ossuary |       0 |     476 |   0.0 |       0 |      39 |   0.0 |   463
               +---------+---------+-------+---------+---------+-------+---------
